 Dungeon Crawl Stone Soup version 0.29-a0-266-gf56f883ddd (webtiles) character file.

Game seed: 12944824575069231030

13 spaghetti the Caller (level 2, 0/19 HPs)
             Began as a Demonspawn Summoner on Mar 6, 2022.
             Slain by a jackal (1 damage)
             ... on level 1 of the Dungeon.
             The game lasted 00:01:10 (496 turns).

spaghetti the Caller (Demonspawn Summoner)           Turns: 496, Time: 00:01:11

Health: 0/19       AC:  2    Str:  8    XL:     2   Next: 24%
Magic:  2/5        EV: 12    Int: 16    God:
Gold:   38         SH:  0    Dex: 13    Spells: 4/5 levels left

rFire   . . .      SeeInvis .   d - +0 hand axe {axe}
rCold   . . .      Faith    .   (no shield)
rNeg    . . .      Spirit   .   a - +0 robe
rPois   .          Reflect  .   (helmet restricted)
rElec   .          Harm     .   (no cloak)
rCorr   .          Rampage  .   (no gloves)
Will    .....                   (no boots)
Stlth   ++........              (no amulet)
HPRegen 0.06/turn               (no ring)
MPRegen 0.09/turn               (no ring)

@: very slightly contaminated
A: antennae 1
a: no special abilities


You were on level 1 of the Dungeon.
You visited 1 branch of the dungeon, and saw 1 of its levels.

You collected 38 gold pieces.


Innate Abilities, Weirdness & Mutations

You have a pair of small antennae on your head.


   Skills:
 - Level 1.7 Dodging
 - Level 1.7 Stealth
 - Level 2.0 Spellcasting
 + Level 4.6 Summonings


You had 4 spell levels left.
You knew the following spells:

 Your Spells              Type           Power      Damage    Failure   Level
a - Summon Small Mammal   Summ           64%        N/A       3%          1

Your spell library contained the following spells:

 Spells                   Type           Power      Damage    Failure   Level
 Call Imp                 Summ           16%        N/A       4%          2
 Call Canine Familiar     Summ           16%        N/A       10%         3
 Summon Guardian Golem    Hex/Summ       8%         N/A       24%         3
 Summon Lightning Spire   Summ/Air       8%         N/A       63%         4

Inventory:

Hand Weapons
 c - a +0 hand axe {axe}
   (You found it on level 1 of the Dungeon)
 d - a +0 hand axe (weapon) {axe}
   (You found it on level 1 of the Dungeon)
Missiles
 g - 5 poisoned darts {throwing}
Armour
 a - a +0 robe (worn)
Scrolls
 e - a scroll of acquirement {unknown}
 f - a scroll of teleportation {unknown}
 h - a scroll of enchant weapon {unknown}
Potions
 b - a potion of magic
 i - a potion of flight

Dungeon Overview and Level Annotations

Branches:
Dungeon (1/15)

Altars:

....#.##..## .#
....#.....# #.####
..........### ....#
....#.......# ....#
....##.#..#.###....#
....##.#..#....#...#
....##.#..####รท#...#
....##....# #.#r..#
....##....# #..@h.#
....##....# ##rhh.#
######>...# #..###
####....# ....
###.......# ......
....####### ........
##### #........#
##########


You could see 3 jackals and 2 friendly quokkas.


Message History

Your bat hits the bat but does no damage.
You closely miss the bat. The bat closely misses you.
Your bat closely misses the bat.
Your bat barely misses the bat.
You hit the bat but do no damage. The bat completely misses you.
Your bat barely misses the bat.
Your bat hits the bat. You hit the bat.
You kill the bat!
You swap places.
Your bat disappears in a puff of smoke!
Key pressed, stopping explore.
i - an amethyst potion ๐Ÿ˜Ž HP[+7]
Your hp is fully restored (19).
Key pressed, stopping explore.
j - a scroll labelled KYINIG IKLIELI You now have 38 gold pieces (gained 7).
Key pressed, stopping explore.
Found an escape hatch in the floor.
As you read the scroll labelled KYINIG IKLIELI, it crumbles to dust.
It is a scroll of identify.
i - a potion of flight A jackal comes into view.
A jackal is nearby!
A jackal is nearby!
A jackal is nearby!
A jackal is nearby! 2 jackals come into view.
You see here a rat skeleton.
A jackal comes into view.
The jackal barks!
A frilled lizard comes into view.
The jackal barks! x3
The frilled lizard closely misses you.
You hit the frilled lizard.
You kill the frilled lizard!
The jackal barely misses you.
You hit the jackal but do no damage. x2; The jackal closely misses you.
The jackal bites you. x2
The jackal bites you but does no damage.
The jackal bites you. ๐Ÿ˜• HP[-4]
You take 4 damage, and now have 15/19 hp.
MASSIVE DAMAGE!! (PAUSE)
The jackal barely misses you.
The jackal bites you but does no damage. x2 ๐Ÿ˜• MP[-1]
You lost 1 mp, and now have 4/5 mp.
You miscast Summon Small Mammal.
You are very lightly contaminated with residual magic.
Nothing appears to happen.
The jackal closely misses you. The jackal barely misses you.
The jackal bites you.
The jackal bites you but does no damage.
Your quokka closely misses the jackal.
The jackal barely misses you.
The jackal closely misses you. ๐Ÿ˜ฎ HP[-2] MP[-1]
You take 2 damage, and now have 13/19 hp.
You lost 1 mp, and now have 3/5 mp.
You hit the jackal. x2; You completely miss the jackal.
You hit the jackal.
The jackal bites you. x2; The jackal barely misses you.
The jackal bites you but does no damage.
The jackal barely misses you. x2
The jackal bites you but does no damage. ๐Ÿ˜ฎ HP[-3]
You take 3 damage, and now have 10/19 hp.
You are too injured to fight recklessly!
You are too injured to fight recklessly!
Casting: Summon Small Mammal (safe; 3% risk of failure)
Confirm with . or Enter, or press ? or * to list all spells.
The jackal bites you but does no damage.
The jackal bites you.
* * * LOW HITPOINT WARNING * * *
The jackal bites you but does no damage.
The jackal bites you.
* * * LOW HITPOINT WARNING * * *
The jackal closely misses you. The jackal completely misses you.
Your quokka bites the jackal. ๐Ÿ˜จ HP[-3] MP[-1]
You take 3 damage, and now have 7/19 hp.
You lost 1 mp, and now have 2/5 mp.
Unknown command.
You hit the jackal.
You kill the jackal!
You barely miss the jackal. You hit the jackal but do no damage.
You closely miss the jackal.
The jackal bites you but does no damage. x2
The jackal bites you.
* * * LOW HITPOINT WARNING * * *
Your quokka bites the jackal.
The jackal bites you.
* * * LOW HITPOINT WARNING * * *
The jackal barely misses you. ๐Ÿ˜ฑ HP[-4]
You take 4 damage, and now have 3/19 hp.
MASSIVE DAMAGE!! (PAUSE)
You closely miss the jackal. x2; You hit the jackal.
The jackal bites you.
* * * LOW HITPOINT WARNING * * *
The jackal misses you. The jackal closely misses you.
Your quokka misses the jackal. The jackal closely misses you.
Your quokka bites the jackal.
The jackal misses your quokka. The jackal bites you.
You die...

Action                   || total
-------------------------++-------
Melee: Hand axe          ||    24
 Cast: Summon Small Mamm ||    10
  Use: Scroll            ||     1
 Stab: Sleeping          ||     1
Armor: Robe              ||    19
Dodge: Dodged            ||    57

Levels and vault maps discovered:
D:1:      dpeg_arrival_tiny_h, layout_rooms

Notes
Turn   | Place    | Note
-------+----------+-------------------------------------------
     0 | D:1      | spaghetti the Demonspawn Summoner began the quest for the
                  | Orb.
     0 | D:1      | Reached XP level 1. HP: 13/13 MP: 3/3
     0 | D:1      | magus.rc [v1.9.6]
   228 | D:1      | Gained mutation: You have a pair of small antennae on your
                  | head. [demonic ancestry]
   228 | D:1      | Reached XP level 2. HP: 19/19 MP: 5/5
   495 | D:1      | HP: 4/19 [jackal (3)]
   496 | D:1      | HP: 1/19 [jackal (2)]
   496 | D:1      | Slain by a jackal

Vanquished Creatures
  A ball python (D:1)
  4 bats (D:1)
  A jackal (D:1)
  A frilled lizard (D:1)
  A rat (D:1)
8 creatures vanquished.

Vanquished Creatures (collateral kills)
  A bat (D:1)
  A frilled lizard (D:1)
  3 rats (D:1)
5 creatures vanquished.

Grand Total: 13 creatures vanquished

Table legend:
 A = Non-vault XP
 B = Vault XP
 C = Vault XP percentage of total XP
 D = Non-vault monster count
 E = Vault monster count
 F = Vault count percentage of total count
                 A         B        C        D         E       F
            +---------+---------+-------+---------+---------+-------
      Total |      19 |       0 |   0.0 |      13 |       0 |   0.0
            +---------+---------+-------+---------+---------+-------
        D:1 |      19 |       0 |   0.0 |      13 |       0 |   0.0
            +---------+---------+-------+---------+---------+-------

Illustrated notes

Table legend:
 A = Kills in this place as a percentage of kills in entire the game.
 B = Kills by you in this place as a percentage of kills by you in the entire game.
 C = Kills by friends in this place as a percentage of kills by friends in the entire game.
 D = Other kills in this place as a percentage of other kills in the entire game.
 E = Experience gained in this place as a percentage of experience gained in the entire game.
 F = Experience gained in this place divided by the number of levels of this place that you have seen.
                   A       B       C       D       E      F
               +-------+-------+-------+-------+-------+----------------------
         Total | 100.0 | 100.0 | 100.0 |   N/A | 100.0 |  19.0
       Dungeon | 100.0 | 100.0 | 100.0 |   N/A | 100.0 |  19.0
               +-------+-------+-------+-------+-------+----------------------

Table legend: (Time is in decaauts)
 A = Elapsed time spent in this place.
 B = Non-inter-level travel time spent in this place.
 C = Inter-level travel time spent in this place.
 D = Time resting spent in this place.
 E = Time spent auto-exploring this place.
 F = Levels seen in this place.
 G = Mean time per level.
                   A        B        C        D        E       F      G
               +--------+--------+--------+--------+--------+-----+--------+
         Total |    502 |    502 |      0 |      0 |    358 |   1 |  502.0 |
       Dungeon |    502 |    502 |      0 |      0 |    358 |   1 |  502.0 |
               +--------+--------+--------+--------+--------+-----+--------+

Top non-repeatable levels by time:
     D:1: 502 daAuts
